 Dungeon Crawl Stone Soup version 0.28.0 (webtiles) character file.

Game seed: 9710458681115327453

354 trckry the Cudgeller (level 6, 0/56 HPs)
             Began as a Minotaur Fighter on Feb 5, 2022.
             Killed from afar by a steam dragon (21 damage)
             ... with a ball of steam
             ... on level 3 of the Dungeon.
             The game lasted 00:07:38 (3470 turns).

trckry the Cudgeller (Minotaur Fighter)             Turns: 3470, Time: 00:07:38

Health: 0/56       AC:  7    Str: 22    XL:     6   Next: 35%
Magic:  5/5        EV:  9    Int:  5    God:
Gold:   132        SH:  5    Dex: 10    Spells: 5/5 levels left

rFire   . . .      SeeInvis .   a - +1 flail (protect)
rCold   . . .      Faith    .   c - +0 buckler
rNeg    . . .      Spirit   .   b - +0 scale mail
rPois   .          Reflect  .   (helmet restricted)
rElec   .          Harm     .   (no cloak)
rCorr   .          Rampage  .   (no gloves)
Will    .....                   (no boots)
Stlth   ..........              (no amulet)
HPRegen 0.18/turn               (no ring)
MPRegen 0.09/turn               (no ring)

@: no status effects
A: horns 2, retaliatory headbutt
a: no special abilities


You were on level 3 of the Dungeon.
You visited 1 branch of the dungeon, and saw 3 of its levels.

You collected 132 gold pieces.

Inventory:

Hand Weapons
 a - a +1 flail of protection (weapon)
Armour
 b - a +0 scale mail (worn)
 c - a +0 buckler (worn)
Wands
 r - a wand of flame (5)
Scrolls
 e - 3 scrolls of immolation
 f - 2 scrolls of fog {unknown}
 i - a scroll of amnesia {unknown}
 j - a scroll of silence {unknown}
 k - a scroll of summoning {unknown}
 l - a scroll of enchant armour {unknown}
 m - a scroll of blinking {unknown}
 q - a scroll of identify {unknown}
 t - a scroll of teleportation {unknown}
Potions
 d - a potion of might
 g - a potion of ambrosia {unknown}
 h - 2 potions of attraction {unknown}
 n - 2 potions of heal wounds {unknown}
 o - a potion of lignification {unknown}
 p - a potion of cancellation {unknown}
 s - a potion of curing {unknown}
 u - 2 potions of mutation {unknown}


   Skills:
 + Level 5.0 Fighting
 * Level 5.5 Maces & Flails
 + Level 5.0 Armour
 + Level 5.0 Shields


You had 5 spell levels left.
You didn't know any spells.
Your spell library contained the following spells:

 Spells                   Type           Power      Damage    Failure   Level
 Animate Skeleton         Necr           0%         N/A       86%         1
 Pain                     Necr           0%         1d4       86%         1
 Ozocubu's Armour         Ice            0%         N/A       99%         3
 Summon Lightning Spire   Summ/Air       0%         N/A       100%        4
 Ozocubu's Refrigeration  Ice            0%         4d5       100%        7
 Storm Form               Tmut/Air       0%         N/A       100%        7
 Maxwell's Capacitive Co  Air            0%         ∞         100%        8


Dungeon Overview and Level Annotations

Branches:
Dungeon (3/15)

Altars:
Makhleb

Annotations:
D:3 2 transporters


Innate Abilities, Weirdness & Mutations

You have a pair of horns on your head.
You reflexively headbutt those who attack you in melee.


Message History

a - a +1 flail of protection (weapon)
A phantom comes into view.
You barely miss the phantom. You headbutt the phantom!
The phantom is moderately damaged.
The phantom hits you!
You sock the phantom!
Your weapon exudes an aura of protection.
The phantom is severely damaged.
You block the phantom's attack.
You sock the phantom!
You destroy the phantom!
Your Fighting skill increases to level 5!
Your Shields skill increases to level 5!
You have reached level 6!
Natasha, Servant of Life and Death comes into view.
Natasha hisses angrily.
Natasha stares at you and mumbles some strange words.
You feel yourself slow down. Natasha closely misses you.
You miss Natasha.
Natasha drinks a potion.
Natasha seems to grow stronger.
You completely miss Natasha. Natasha claws you! Natasha barely misses you.
You hit Natasha but do no damage.
Your weapon exudes an aura of protection.
Natasha claws you! Natasha claws you but does no damage.
You are too injured to fight recklessly!
You sock Natasha! You headbutt Natasha.
You kill Natasha!
Natasha screams in fury as she dies!
Your Armour skill increases to level 5!
You feel yourself speed up.
A steam dragon comes into view.
The steam dragon hisses angrily.
The steam dragon breathes steam at you. The ball of steam hits you!
You are engulfed in a cloud of scalding steam.
The steam dragon breathes steam at you. The ball of steam hits you!!
The steam dragon breathes steam at you. The ball of steam hits you!!
You die...

....# #.........##.#.# ....#
######.#.....#.# .####
#.........## ...# #...##.....#
.<.# ###...##.###.# )..#
###.......<#...# ...#
##.....(..#...#.##
...#####.......##..###..###
>..##........D§§@.#####...# #
####..#..#.....#....#####.####...
#.##.......##....).........
#§##......##########)###...
..##......# #....... ############
####.... ... .. .


There were no monsters in sight!

Vanquished Creatures
  A phantom (D:3)
  Ijyb (D:3)
  Jessica (D:3)
  Terence (D:3)
  Natasha (twice) (D:3)
  6 adders
  3 worms
  3 dart slugs
  An orc (D:3)
  17 ball pythons
  5 endoplasms
  A giant cockroach (D:2)
  8 goblins
  10 hobgoblins
  8 jackals
  A quokka (D:3)
  8 bats
  5 frilled lizards
  6 kobolds
  A rat (D:2)
89 creatures vanquished.

Notes
Turn   | Place    | Note
-------+----------+-------------------------------------------
     0 | D:1      | trckry the Minotaur Fighter began the quest for the Orb.
     0 | D:1      | Reached XP level 1. HP: 19/19 MP: 0/0
    64 | D:1      | Reached XP level 2. HP: 20/27 MP: 1/1
   822 | D:1      | Reached XP level 3. HP: 33/33 MP: 2/2
   887 | D:1      | Found a faded altar of an unknown god.
  1521 | D:2      | Reached XP level 4. HP: 27/40 MP: 3/3
  2601 | D:3      | Found a transporter.
  2643 | D:3      | Found a transporter.
  2821 | D:3      | Noticed Ijyb
  2849 | D:3      | Killed Ijyb
  2850 | D:3      | Reached XP level 5. HP: 28/47 MP: 4/4
  3000 | D:3      | Noticed Jessica
  3013 | D:3      | Killed Jessica
  3024 | D:3      | Got Jessica's Disquisition on Stolen Souls
  3146 | D:3      | Noticed Natasha
  3154 | D:3      | Killed Natasha
  3155 | D:3      | Reached skill level 5 in Maces & Flails
  3159 | D:3      | Found a burning altar of Makhleb.
  3159 | D:3      | Noticed a green death
  3163 | D:3      | Noticed an orange demon
  3163 | D:3      | Noticed a smoke demon
  3295 | D:3      | Noticed Terence
  3308 | D:3      | Killed Terence
  3323 | D:3      | Noticed a phantom
  3326 | D:3      | Killed a phantom
  3327 | D:3      | Reached skill level 5 in Fighting
  3327 | D:3      | Reached skill level 5 in Shields
  3327 | D:3      | Reached XP level 6. HP: 47/56 MP: 5/5
  3358 | D:3      | Noticed Natasha
  3365 | D:3      | Killed Natasha
  3366 | D:3      | Reached skill level 5 in Armour
  3460 | D:3      | Noticed a steam dragon
  3470 | D:3      | Killed from afar by a steam dragon

Illustrated notes

Levels and vault maps discovered:
D:1:      saegor_arrival_fortress, layout_loops_cross,
          hellmonk_ecumenical_altar_blasted, st_stairs_14,
          chequers_serial_rivers_small_b
D:2:      layout_basic, chequers_serial_rivers_small_a, minmay_snake_closets
D:3:      gammafunk_steamed_eel, layout_rooms, makhleb_altar_promises_db,
          hangedman_decor_peaks_small, kennysheep_jessica_study, uniq_natasha,
          uniq_ijyb, uniq_terence

Skill      XL: |  1  2  3  4  5  6 |
---------------+-------------------+-----
Maces & Flails | 3 4 5 |  5.5
Armour         | 4 5 |  5.0
Fighting       | 4 5 |  5.0
Shields        | 4 5 |  5.0

Action                   |  1- 3 |  4- 6 || total
-------------------------+-------+-------++-------
Melee: Flail             |   101 |   113 ||   214
       Headbutt          |    10 |    13 ||    23
Armor: Scale mail        |    59 |    41 ||   100
Dodge: Dodged            |    37 |    52 ||    89
Block: Buckler           |    26 |    15 ||    41
